 Dungeon Crawl Stone Soup version 0.29.1-12-g30fa7ad0bf (webtiles) character file.

Game seed: 9196076617654293131

50 oldriver the Vexing (level 3, 0/18 HPs)
             Began as a Vine Stalker Arcane Marksman on Dec 31, 2022.
             Succumbed to an adder's poison
             ... on level 2 of the Dungeon.
             The game lasted 00:03:15 (1751 turns).

oldriver the Vexing (Vine Stalker Arcane Marksman)  Turns: 1751, Time: 00:03:15

Health: 0/18       AC:  2    Str: 12    XL:     3   Next: 79%
Magic:  1/6        EV: 11    Int: 13    God:
Gold:   86         SH:  0    Dex: 16    Spells: 4/5 levels left

rFire   . . .      SeeInvis +   a - +1 sling
rCold   . . .      Faith    .   (no shield)
rNeg    . . .      Spirit   +   e - +0 leather armour
rPois   .          Reflect  .   (no helmet)
rElec   .          Harm     .   l - +0 cloak
rCorr   .          Rampage  .   (no gloves)
Will    .....                   (no boots)
Stlth   ++........              (no amulet)
HPRegen 0.06/turn               j - ring of see invisible
MPRegen 0.10/turn               (no ring)

@: brilliant, lethally poisoned (0 -> -3), attractive
A: fangs 2, magic shield, antimagic bite, no potion heal 2, deformed body, wild
magic 1
a: no special abilities


You were on level 2 of the Dungeon.
You visited 1 branch of the dungeon, and saw 2 of its levels.

You collected 86 gold pieces.

Inventory:

Hand Weapons
 a - a +1 sling (weapon)
Armour
 e - a +0 leather armour (worn)
 l - a +0 cloak (worn)
Jewellery
 j - a ring of see invisible (left hand)
Scrolls
 b - 2 scrolls of poison
 c - a scroll of teleportation {unknown}
 d - 3 scrolls of identify {unknown}
 g - 2 scrolls of amnesia {unknown}
 h - 2 scrolls of magic mapping {unknown}
 k - a scroll of fog {unknown}
 n - a scroll of enchant armour {unknown}


   Skills:
 + Level 1.5 Fighting
 * Level 2.5 Ranged Weapons
 - Level 1.5 Dodging
 * Level 2.2 Stealth
 + Level 1.6 Spellcasting
 - Level 3.0 Hexes


You had 4 spell levels left.
You knew the following spells:

 Your Spells              Type           Power      Damage    Failure   Level
a - Slow                  Hex            68%        N/A       14%         1

Your spell library contained the following spells:

 Spells                   Type           Power      Damage    Failure   Level
 Ensorcelled Hibernation  Hex/Ice        18%        N/A       36%         2
 Apportation              Tloc           4%         N/A       43%         1
 Foxfire                  Conj/Fire      8%         2x1d4     43%         1
 Necrotise                Necr           8%         1d4       43%         1
 Summon Small Mammal      Summ           8%         N/A       43%         1
 Inner Flame              Hex/Fire       9%         N/A       58%         3
 Portal Projectile        Hex/Tloc       18%        N/A       58%         3
 Cause Fear               Hex            8%         N/A       77%         4
 Conjure Flame            Conj/Fire      2%         6-21      78%         3
 Spider Form              Tmut/Pois      2%         N/A       78%         3
 Anguish                  Hex/Necr       4%         N/A       92%         4
 Flame Wave               Conj/Fire      2%         2d4       99%         4


Dungeon Overview and Level Annotations

Branches:
Dungeon (2/15)

Altars:

Shops:
D:1 =[(?(   D:2 !


Innate Abilities, Weirdness & Mutations

You have extremely sharp teeth.
When hurt, damage is shared between your health and your magic reserves.
Your bite disrupts and absorbs the magic of your enemies.
Potions cannot restore your health.
Armour fits poorly on your strangely shaped body.
Your spells are a little harder to cast, but a little more powerful.


Message History

Okay, then.
Fire: a) +1 sling
Press: ? - help, Shift-Dir - straight line, f/p - adder
Aim: an adder (moderately wounded, 40% to hit)
You shoot a sling bullet. The sling bullet misses the adder.
You feel sick. The adder misses you.
Unknown command.
Fire: a) +1 sling
Press: ? - help, Shift-Dir - straight line, f/p - adder
Aim: an adder (moderately wounded, 40% to hit)
You shoot a sling bullet. The sling bullet misses the adder.
You feel sick.
You are no longer poisoned.
The adder bites you but does no damage. The adder closely misses you.
Unknown command.
Fire: a) +1 sling
Press: ? - help, Shift-Dir - straight line, f/p - adder
Aim: an adder (moderately wounded, 40% to hit)
You shoot a sling bullet.
The sling bullet barely misses the adder.
The adder closely misses you. x2
Unknown command.
Fire: a) +1 sling
Press: ? - help, Shift-Dir - straight line, f/p - adder
Aim: an adder (moderately wounded, 40% to hit)
You shoot a sling bullet. The sling bullet hits the adder.
The adder is severely wounded.
The adder bites you.
* * * LOW HITPOINT WARNING * * *
You are lethally poisoned!
The adder poisons you! The adder bites you but does no damage.
Fire: a) +1 sling
Press: ? - help, Shift-Dir - straight line, f/p - adder
Aim: an adder (severely wounded, 40% to hit)
You shoot a sling bullet.
The sling bullet closely misses the adder.
* * * LOW HITPOINT WARNING * * *
You feel sick. The adder bites you. The adder misses you.
It was a potion of mutation.
You feel extremely strange.
You feel less in control of your magic.
Your body twists and deforms.
You die...

.# #...#
##.#....
#.#wS# ##..#
# ### #r.##
.# #.. #.##
#.# #.. #.r##
#..# #..
##Sw## #..#
#..
#@#..###..#
#..
##.#..#..#
#.. #.#)#...#
#..
######.###
#..
#...#######..
##...........
##..........
#>.........
#..........


You could see an adder, a dart slug and a quokka.

Vanquished Creatures
  An adder (D:2)
  4 bats
  2 endoplasms
  3 goblins (D:2)
  5 hobgoblins
  4 jackals (D:1)
  2 quokkas
  4 ball pythons
  2 frilled lizards (D:2)
  4 kobolds
  6 rats
37 creatures vanquished.

Notes
Turn   | Place    | Note
-------+----------+-------------------------------------------
     0 | D:1      | oldriver the Vine Stalker Arcane Marksman began the quest
                  | for the Orb.
     0 | D:1      | Reached XP level 1. HP: 9/9 MP: 3/3
    75 | D:1      | Found Hiar's Weapon Shoppe.
   128 | D:1      | Reached skill level 1 in Fighting
   465 | D:1      | Found Viollioq's Jewellery Boutique.
   471 | D:1      | Found Jehaum's Armour Emporium.
   476 | D:1      | Reached skill level 1 in Stealth
   476 | D:1      | Reached XP level 2. HP: 14/14 MP: 4/4
   660 | D:1      | Found a faded altar of an unknown god.
   705 | D:1      | Found Iper's Weapon Boutique.
   774 | D:1      | Found Kalaj's Magic Scroll Shoppe.
  1103 | D:2      | Reached XP level 3. HP: 9/18 MP: 6/6
  1267 | D:2      | Found Jas Foxt's Distillery.
  1751 | D:2      | Gained mutation: Your spells are a little harder to cast,
                  | but a little more powerful. [potion of mutation]
  1751 | D:2      | Gained mutation: Armour fits poorly on your strangely
                  | shaped body. [potion of mutation]
  1751 | D:2      | Succumbed to an adder's poison

Illustrated notes

Levels and vault maps discovered:
D:1:      minmay_arrival_four_circles, layout_basic,
          hellmonk_ecumenical_altar_blasted, serial_shops, shop,
          nicolae_lakefront_shop, shop, nicolae_shop_bloodbath_and_beyond,
          nicolae_shop_advertising_works [nicolae_subvault_shop_adworks]
D:2:      minmay_diamond_boxcup, layout_basic, serial_shops, shop,
          nicolae_titane

Skill      XL: |  1  2  3 |
---------------+----------+-----
Fighting       | 1 |  1.5
Ranged Weapons | 2 |  2.5
Stealth        | 1 2 |  2.2
Dodging        | |  1.5
Spellcasting   | |  1.6
Hexes          | |  3.0

Action                   || total
-------------------------++-------
 Fire: Sling             ||   141
 Cast: Slow              ||     2
  Use: Potion            ||     3
Armor: Leather armour    ||    30
Dodge: Dodged            ||    84
